 Dungeon Crawl Stone Soup version 0.17.0-28-g6e173f8 (webtiles) character file.

179985 septik the Black Belt (level 18, -2/160 HPs)
             Began as a Naga Monk on Nov 24, 2015.
             Was a High Priest of Cheibriados.
             Succumbed to an emperor scorpion's poison
             ... on level 4 of the Spider Nest.
             The game lasted 02:17:57 (31570 turns).

septik the Black Belt (Naga Monk)                  Turns: 31570, Time: 02:17:57

Health: -2/160     AC: 19    Str: 27    XL:     18   Next: 25%
Magic:  1/27       EV: 26    Int: 31    God:    Cheibriados [*****.]
Gold:   2222       SH: 22    Dex: 33    Spells: 2 memorised, 16 levels left

rFire  . . .     SeeInvis +       - Unarmed
rCold  + . .     Clarity  .     r - +1 robe of Liberty {+Blink Int+5 Slay-3 SInv}
rNeg   . . .     SustAt   .     g - +1 large shield
rPois  +         Gourm    +     d - +0 hat {MR+}
rElec  .         Spirit   .     U - +2 cloak
rCorr  .         Warding  .     Z - +2 pair of gloves
rMut   .         Stasis   .     (no barding)
MR     +++..                    q - amulet of the gourmand
Stlth  +++++.....               w - +5 ring of evasion
                                s - +3 ring of protection

@: lethally poisoned (-2 -> -38), about to teleport, very slow, extremely
resistant to hostile enchantments, quite stealthy
A: antennae 1, claws 1, icy blue scales 1, camouflage 1, see invisible, cold
resistance 1, deformed body, poison resistance, slowness 2, slow metabolism 1,
spit poison 3, weak 1, evolution 1, constrict 1, AC +6
a: Breathe Poison Gas, Bend Time, Temporal Distortion, Slouch, Step From Time,
Renounce Religion, Evoke Blink


You were on level 4 of the Spider Nest.
You worshipped Cheibriados.
Cheibriados was extremely pleased with you.
You were very full.

You visited 5 branches of the dungeon, and saw 31 of its levels.
You also visited: Ice Cave and Volcano.

You collected 2871 gold pieces.
You spent 649 gold pieces at shops.

Inventory:

Missiles
 n - 1007 stones (quivered)
Armour
 d - a +0 hat of magic resistance (worn)
 g - a +1 large shield (worn)
 k - a +0 crystal plate armour of cold resistance
 r - the +1 robe of Liberty (worn) {+Blink Int+5 Slay-3 SInv}
   (You bought it in a shop on level 4 of the Orcish Mines)

   It affects your intelligence (+5).
   It affects your accuracy and damage with ranged weapons and melee attacks
   (-3).
   It lets you see invisible.
   It lets you blink.
 U - a +2 cloak (worn)
 Z - a +2 pair of gloves (worn)
Jewellery
 l - a cursed ring of teleportation {unknown}
 q - an amulet of the gourmand (around neck)
 s - a +3 ring of protection (left hand)
 w - a +5 ring of evasion (right hand)
 Y - an uncursed ring of protection from fire
Wands
 D - a wand of disintegration (11)
 I - a wand of teleportation (4)
Scrolls
 e - 2 scrolls of blinking
 f - 18 scrolls of identify
 j - a scroll of amnesia
 m - 6 scrolls of magic mapping
 o - a scroll of immolation
 z - 2 scrolls of fear
 B - 3 scrolls of silence
 C - 6 scrolls of teleportation
 N - 3 scrolls of remove curse
 R - 2 scrolls of fog
Potions
 c - a potion of might
 h - 2 potions of resistance
 i - 3 potions of invisibility
 V - 5 potions of agility
 X - a potion of cancellation
Books
 a - a book of Beasts

   Spells                             Type                      Level
   a - Summon Butterflies             Summoning                    1
   b - Call Canine Familiar           Summoning                    3
   c - Summon Ice Beast               Ice/Summoning                4
   d - Summon Mana Viper              Hexes/Summoning              5
   e - Summon Hydra                   Summoning                    7
Miscellaneous
 O - a box of beasts
Comestibles
 b - 17 bread rations
 p - 20 fruits


   Skills:
 - Level 10.0 Fighting
 - Level 10.2 Armour
 - Level 9.7 Dodging
 - Level 3.0 Stealth
 + Level 12.1 Shields
 - Level 16.2 Unarmed Combat
 - Level 6.6 Spellcasting
 - Level 7.4 Translocations
 + Level 6.5 Transmutations
 * Level 6.0 Earth Magic
 - Level 10.0 Invocations


You had 16 spell levels left.
You knew the following spells:

 Your Spells              Type           Power        Failure   Level  Hunger
a - Statue Form           Trmt/Erth      #####....    92%         6    ######.
b - Controlled Blink      Tloc           N/A          100%        8    #######


Dungeon Overview and Level Annotations

Branches:
Dungeon (14/15)            Temple (1/1) D:4            Lair (8/8) D:11
 Shoals (0/4) Lair:5       Spider (4/4) Lair:5        Slime (0/6) Lair:7
    Orc (4/4) D:10            Elf (0/3) Orc:3        Vaults (0/5) D:14

Altars:
Ashenzari
Cheibriados
Dithmenos
Elyvilon
Fedhas
Gozag
Kikubaaqudgha
Makhleb
Nemelex Xobeh
Okawaru
Qazlal
Ru
Sif Muna
Trog
Vehumet
Xom
Yredelemnul
Zin
The Shining One
Beogh
Lugonu

Shops:
D:8 *   Orc:1 [   Orc:4 ?::[

Annotations:
D:11 exclusions: 3 centaurs and 3 more exclusions


Innate Abilities, Weirdness & Mutations

You cannot wear boots.
Your serpentine skin is tough (AC +6).
You have supernaturally acute eyesight.
Armour fits poorly on your strangely shaped body.
Your system is resistant to poisons.
You cover ground very slowly.
You have a slow metabolism.
You can exhale a cloud of poison.
You can use your snake-like lower body to constrict enemies.
You have a pair of small antennae on your head.
You have sharp fingernails.
You are partially covered in icy blue scales (AC +1).
Your skin changes colour to match your surroundings (Stealth).
Your flesh is cold resistant.
You are weak. (Str -2)
You evolve.


Message History

Okay, then.
Drink which item? (? for menu, Esc to quit)
Okay, then.
Evoke which item? (* to show all) (? for menu, Esc to quit)
Zapping:
I - a wand of teleportation (5)
Press: ? - help, Shift-Dir - straight line, f - you You feel strangely unstable.
This wand has 4 charges left.
* * * LOW HITPOINT WARNING * * *
You feel very sick. The emperor scorpion barely misses you.
The emperor scorpion misses you.
The emperor scorpion claws you but does no damage.
The moth of wrath misses you. The ghost moth stares at you.
The emperor scorpion completely misses you.
You block the emperor scorpion's attack.
The emperor scorpion claws you!
* * * LOW HITPOINT WARNING * * *
Unknown command.
You die...

###≈.≈.####**#....≈# #
##....# *,*##≈...## #
##≈...##*,* ###≈†≈#
###.##≈..##+##**##..#
''..##†.≈##...,*#..≈#
''.......##...,*#^..###
''.....≈##*.†.#####..≈#
###≈.^.≈##*,{#yy.##^.?#
# ##....≈#*,,#ys@≈...≈#
# ##....##.sy##.....##
# ###.≈##..{{####..#
##..^##..y,* ##.##
###≈..######**##≈.#
##....≈##### ###..≈#
##....###...###≈?..≈#
#....≈##.≈≈.##....≈##
#≈...###.≈≈##.....≈≈#


You could see 2 emperor scorpions, a ghost moth (invisible), a moth of wrath, a
hornet and a wasp (berserk).

Vanquished Creatures
  Arachne (Spider:2)
  Rupert (Lair:6)
  An Ice Fiend (IceCv)
  Asterion (Spider:4)
  Gastronok (Lair:1)
  The ghost of ventricule the Severer, an adept HOAs of Cheibriados (IceCv)
  The ghost of Nicoed the Protected, an adept FoFi of Yredelemnul (IceCv)
  Donald (Spider:3)
  2 ghost moths
  3 emperor scorpions
  The ghost of 4thArraOfDagon the Severer, a journeyman MiBe of Trog (Spider:3)
  Snorg (Lair:6)
  The ghost of Nicoed the Protected, a journeyman FoFi of Makhleb (Lair:6)
  Josephine (D:12)
  5 ogre magi
  Erolcha (D:11)
  10 hydras
  Harold (D:12)
  An ice dragon (Lair:8)
  3 centaur warriors
  The ghost of Juudaz the Fighter, a novice MiFi of Okawaru (Lair:1)
  3 catoblepae
  A tengu warrior (D:13)
  7 death yaks
  A queen ant (Spider:1)
  Urug (D:11)
  Sonja (Lair:4)
  Nergalle (Orc:4)
  A fire crab (Lair:5)
  2 unseen horrors
  5 skeletal warriors (D:14)
  An ice devil (IceCv)
  An orc knight (Orc:4)
  A hill giant (shapeshifter) (D:13)
  An oklob plant (Lair:8)
  4 hill giants
  A lindwurm (Lair:8)
  5 orc sorcerers (Orc:4)
  5 cyclopes
  The ghost of bollicks1999 the Shield-Bearer, a novice FoFi of Ru (D:6)
  16 orb spiders
  8 ugly things
  20 wolf spiders
  6 hornets
  A wolf spider zombie (D:10)
  3 griffons
  A moth of wrath (Spider:3)
  Maurice (D:9)
  8 black mambas
  24 elephants
  7 torpor snails (Lair:8)
  2 ice statues (IceCv)
  Psyche (D:12)
  A gargoyle (D:14)
  A kobold demonologist (D:11)
  17 spiny frogs
  6 komodo dragons
  11 demonic crawlers
  An efreet (Volcano)
  7 fire drakes
  9 blue devils (IceCv)
  2 queen bees
  A troll (shapeshifter) (D:13)
  8 trolls
  3 giant leeches (Lair:8)
  12 polar bears
  30 jumping spiders
  3 slime creatures (D:14)
  Grinder (D:4)
  7 two-headed ogres
  A raiju (Lair:8)
  3 boulder beetles
  A snapping turtle (Lair:5)
  3 wyverns
  26 blink frogs
  A trapdoor spider (shapeshifter) (D:14)
  13 trapdoor spiders
  Sigmund (D:5)
  29 redbacks
  4 wraiths
  19 tarantellas
  45 yaks
  2 basilisks
  A fire elemental (Volcano)
  4 deep elf magi
  11 hippogriffs
  A mottled dragon (D:14)
  2 vampire mosquitoes (D:14)
  3 hungry ghosts
  11 wargs
  4 soldier ants (Spider:1)
  30 wolves
  13 porcupines
  A necrophage (D:10)
  Duvessa (D:5)
  6 sky beasts
  A phantom (D:8)
  29 water moccasins
  4 hell hounds (Lair:8)
  22 orc warriors
  38 spiders
  15 black bears
  8 wasps
  16 ogres
  15 crocodiles
  6 ice beasts
  11 centaurs
  28 giant frogs
  4 brain worms (Lair:8)
  A scorpion (D:10)
  A wyvern zombie (D:6)
  Dowan (D:5)
  15 wights
  46 killer bees
  A quasit (D:11)
  4 crimson imps
  25 orc priests
  7 electric eels
  22 hounds
  9 jellies
  A lava snake (Lair:1)
  3 giant frog skeletons
  10 iguanas
  47 orc wizards
  19 worker ants
  4 centaur skeletons
  42 sheep
  A hound zombie (D:10)
  Robin (D:2)
  97 river rats
  9 adders
  10 gnolls
  6 shadow imps
  7 white imps (IceCv)
  8 ufetubi (IceCv)
  4 oozes (Lair:7)
  An adder zombie (D:6)
  16 worms
  8 giant geckos
  218 orcs
  5 giant cockroaches
  13 goblins
  9 hobgoblins
  16 jackals
  7 quokkas
  2 ball pythons
  A ball python skeleton (D:5)
  6 bats
  A giant gecko skeleton (D:5)
  A giant gecko zombie (D:7)
  3 giant newts
  A jackal zombie (D:6)
  15 kobolds
  A quokka skeleton (D:6)
  8 rats
  2 fungi (Lair:3)
  5 plants
1473 creatures vanquished.

Vanquished Creatures (others)
  The ghost of Britaniac the Arsonist, a journeyman GrFE of Vehumet (Lair:4)
  A scorpion (D:4)
  3 orc wizards
  2 worker ants (Spider:1)
  3 river rats (Lair:7)
  2 ufetubi (IceCv)
  A worm (D:2)
  4 orcs
  A ball python (D:4)
  A hobgoblin (D:2)
  A fire vortex (Lair:1)
  26 fungi
  31 plants
77 creatures vanquished.

Grand Total: 1550 creatures vanquished

Notes
Turn   | Place    | Note
--------------------------------------------------------------
     0 | D:1      | septik the Naga Monk began the quest for the Orb.
     0 | D:1      | Reached XP level 1. HP: 21/21 MP: 1/1
   125 | D:1      | Reached XP level 2. HP: 28/28 MP: 2/2
   329 | D:1      | Found a glowing golden altar of the Shining One.
   787 | D:2      | Reached skill level 5 in Unarmed Combat
   787 | D:2      | Reached XP level 3. HP: 31/34 MP: 3/3
   988 | D:2      | Noticed Robin
  1004 | D:2      | Killed Robin
  1004 | D:2      | Reached XP level 4. HP: 28/42 MP: 4/4
  1895 | D:3      | Reached skill level 6 in Unarmed Combat
  1931 | D:3      | Reached XP level 5. HP: 49/49 MP: 5/5
  2068 | D:3      | Reached skill level 7 in Unarmed Combat
  2152 | D:3      | Reached XP level 6. HP: 36/56 MP: 6/6
  2306 | D:3      | Gained mutation: You can exhale a cloud of poison. [potion of mutation]
  2306 | D:3      | Gained mutation: You are weak. (Str -2) [potion of mutation]
  2306 | D:3      | Gained mutation: You are clumsy. (Dex -2) [potion of mutation]
  2955 | D:4      | Noticed Grinder
  2968 | D:4      | Killed Grinder
  2968 | D:4      | Reached skill level 8 in Unarmed Combat
  2968 | D:4      | Reached XP level 7. HP: 55/62 MP: 7/7
  3271 | D:4      | Got a faintly glowing scale mail
  3487 | D:4      | Reached skill level 9 in Unarmed Combat
  3510 | D:4      | Found a staircase to the Ecumenical Temple.
  3537 | Temple   | Entered the Ecumenical Temple
  3541 | Temple   | Became a worshipper of Cheibriados the Contemplative
  3541 | Temple   | Reached * piety under Cheibriados
  3541 | Temple   | Reached ** piety under Cheibriados
  3682 | D:5      | Entered Level 5 of the Dungeon
  3691 | D:5      | Reached skill level 1 in Invocations
  3719 | D:5      | Noticed Duvessa
  3719 | D:5      | Noticed Dowan
  3739 | D:5      | Killed Dowan
  3898 | D:5      | Killed Duvessa
  3898 | D:5      | Reached XP level 8. HP: 53/69 MP: 9/9
  4076 | D:5      | Reached skill level 10 in Unarmed Combat
  4177 | D:5      | Noticed Sigmund
  4189 | D:5      | Killed Sigmund
  4322 | D:5      | Found a basalt altar of Yredelemnul.
  4373 | D:5      | Reached *** piety under Cheibriados
  4577 | D:6      | Reached skill level 5 in Invocations
  4577 | D:6      | Reached XP level 9. HP: 75/75 MP: 12/12
  4714 | D:6      | Reached skill level 11 in Unarmed Combat
  4829 | D:6      | Noticed bollicks1999's ghost (novice FoFi)
  4843 | D:6      | Killed bollicks1999's ghost
  4884 | D:6      | Reached **** piety under Cheibriados
  5261 | D:7      | Found a glowing golden altar of the Shining One.
  5263 | D:7      | Found a radiant altar of Vehumet.
  5267 | D:7      | Found an opulent altar of Gozag.
  5639 | D:7      | Found a burning altar of Makhleb.
  5724 | D:7      | Reached skill level 1 in Armour
  5845 | D:7      | Found a bloodstained altar of Trog.
  6038 | D:7      | Reached ***** piety under Cheibriados
  6417 | D:8      | Reached XP level 10. HP: 47/85 MP: 15/15
  7024 | D:8      | Found Follibb's General Store.
  7066 | D:8      | Found a blossoming altar of Fedhas.
  7097 | D:8      | Found a stormy altar of Qazlal.
  7359 | D:8      | Identified a scroll of acquirement
  7545 | D:9      | Reached skill level 5 in Fighting
  7878 | D:9      | Noticed Maurice
  7891 | D:9      | Killed Maurice
  8004 | D:9      | Reached ****** piety under Cheibriados
  8286 | D:10     | Entered Level 10 of the Dungeon
  8286 | D:10     | Noticed a hill giant
  8293 | D:10     | Killed a hill giant
  8293 | D:10     | Reached skill level 5 in Dodging
  8293 | D:10     | Reached XP level 11. HP: 97/97 MP: 17/17
  8350 | D:10     | Noticed an unseen horror
  8383 | D:10     | Killed an unseen horror
  8398 | D:10     | Got a dazzling flail
  8469 | D:10     | Noticed a hill giant
  8479 | D:10     | Killed a hill giant
  8551 | D:10     | Identified the +1 scale mail of the Vestibule of Hell {Regen+ MP+9 Int+4 SInv} (You found it on level 4 of the Dungeon)
  8660 | D:10     | Found a staircase to the Orcish Mines.
  8736 | D:10     | Reached skill level 5 in Armour
  9417 | D:11     | Reached skill level 10 in Invocations
  9579 | D:11     | Noticed an ice devil
  9655 | D:11     | Noticed a death yak
  9671 | D:11     | Killed a death yak
  9671 | D:11     | Reached XP level 12. HP: 57/111 MP: 19/19
  9676 | D:11     | Found a staircase to the Lair.
  9762 | D:11     | Identified the Incunabulum of the Assistive Mountains
  9875 | D:11     | Noticed Urug
  9889 | D:11     | Killed Urug
  9926 | D:11     | Noticed Erolcha
  9935 | D:11     | Killed Erolcha
  9956 | D:11     | Learned a level 6 spell: Statue Form
 10280 | Lair:1   | Entered Level 1 of the Lair of Beasts
 10297 | Lair:1   | Reached skill level 1 in Spellcasting
 10310 | Lair:1   | Reached skill level 1 in Earth Magic
 10499 | Lair:1   | Noticed Gastronok
 10514 | Lair:1   | Killed Gastronok
 10514 | Lair:1   | Reached skill level 1 in Transmutations
 10834 | Lair:1   | Reached skill level 10 in Fighting
 11146 | Lair:1   | Noticed Juudaz's ghost (novice MiFi)
 11179 | Lair:1   | Killed Juudaz's ghost
 11287 | Lair:2   | Gained mutation: You can use your snake-like lower body to constrict enemies. [Naga growth]
 11287 | Lair:2   | Reached XP level 13. HP: 99/123 MP: 20/20
 11631 | Lair:2   | Noticed an eight-headed hydra
 11642 | Lair:2   | Killed an eight-headed hydra
 11797 | Lair:2   | Identified the +4 flail "Ubogh" {flame, rC++ Str+5 Dex+4} (You found it on level 10 of the Dungeon)
 12557 | Lair:3   | Reached skill level 10 in Armour
 12994 | Lair:4   | Noticed Britaniac's ghost (journeyman GrFE)
 13026 | Lair:4   | Killed Britaniac's ghost
 13238 | Lair:4   | Noticed Sonja
 13245 | Lair:4   | Killed Sonja
 13483 | Lair:4   | Reached skill level 12 in Unarmed Combat
 14164 | Lair:5   | Found a staircase to the Shoals.
 14236 | Lair:5   | Reached XP level 14. HP: 111/132 MP: 21/21
 14370 | Lair:5   | Found a hole to the Spider Nest.
 14409 | Lair:5   | Reached skill level 13 in Unarmed Combat
 14872 | Lair:5   | Gained mutation: You have a pair of small antennae on your head. [potion of beneficial mutation]
 14873 | Lair:5   | Lost mutation: You are clumsy. (Dex -2) [potion of beneficial mutation]
 14874 | Lair:5   | Gained mutation: You evolve. [potion of beneficial mutation]
 15311 | Lair:6   | Learned a level 8 spell: Controlled Blink
 15530 | Lair:6   | Reached skill level 1 in Translocations
 15535 | Lair:6   | Noticed Nicoed's ghost (journeyman FoFi)
 15564 | Lair:6   | HP: 4/132 [Nicoed's ghost (11)]
 15578 | Lair:6   | Killed Nicoed's ghost
 15578 | Lair:6   | Reached skill level 1 in Shields
 15785 | Lair:6   | Noticed Snorg
 15817 | Lair:6   | Killed Snorg
 15900 | Lair:6   | Noticed Rupert
 15922 | Lair:6   | Killed Rupert
 16236 | Lair:6   | Reached skill level 14 in Unarmed Combat
 16276 | Lair:6   | Gained mutation: Your skin changes colour to match your surroundings (Stealth). [evolution]
 16983 | Lair:7   | Reached XP level 15. HP: 131/138 MP: 22/22
 17178 | Lair:7   | Found a staircase to the Slime Pits.
 17729 | Lair:8   | Entered Level 8 of the Lair of Beasts
 17850 | Lair:8   | Found a dark tunnel.
 17897 | Volcano  | Entered a volcano
 18008 | Volcano  | Gained mutation: You are partially covered in icy blue scales (AC +1). [evolution]
 18086 | Lair:8   | Reached skill level 5 in Spellcasting
 18211 | Lair:8   | Found a runed door.
 18450 | Lair:8   | HP: 6/138 [ice dragon/blast of cold (47)]
 18622 | Lair:8   | Reached skill level 15 in Unarmed Combat
 18763 | Lair:8   | Reached skill level 5 in Shields
 19822 | D:12     | Noticed Harold
 19827 | D:12     | Noticed Josephine
 19830 | D:12     | Killed Harold
 19836 | D:12     | Noticed Psyche
 19842 | D:12     | Killed Josephine
 19860 | D:12     | Reached XP level 16. HP: 100/146 MP: 23/23
 19875 | D:12     | Killed Psyche
 20578 | D:13     | Found a corrupted altar of Lugonu.
 20611 | D:13     | Gained mutation: You have sharp fingernails. [evolution]
 21351 | Orc:1    | Entered Level 1 of the Orcish Mines
 21682 | Orc:1    | Found Gonkoch's Antique Armour Emporium.
 21695 | Orc:1    | Bought a runed cloak for 148 gold pieces
 21695 | Orc:1    | Bought a pair of glowing gloves for 148 gold pieces
 22181 | Orc:3    | Found a staircase to the Elven Halls.
 22697 | Orc:4    | Entered Level 4 of the Orcish Mines
 23219 | Orc:4    | Found Vucem's Magic Scroll Shoppe.
 23226 | Orc:4    | Bought a scroll of recharging for 171 gold pieces
 23239 | Orc:4    | Found an ancient bone altar of Kikubaaqudgha.
 23242 | Orc:4    | Noticed Nergalle
 23252 | Orc:4    | Killed Nergalle
 23274 | Orc:4    | Found Udoidokh's Book Shoppe.
 23285 | Orc:4    | Found a roughly hewn altar of Beogh.
 23424 | Orc:4    | Found a radiant altar of Vehumet.
 23482 | Orc:4    | Found Suig Qos's Book Shoppe.
 23540 | Orc:4    | Found Focap's Antique Armour Emporium.
 23548 | Orc:4    | Bought a colourful robe for 182 gold pieces
 23883 | Lair:1   | Gained mutation: Your flesh is cold resistant. [evolution]
 24162 | D:14     | Reached skill level 16 in Unarmed Combat
 24359 | D:14     | Got a distressingly furry plate armour
 24370 | D:14     | Identified the cursed +1 plate armour of the Thistle {rF+} (You found it on level 14 of the Dungeon)
 24450 | D:14     | Found a gate to the Vaults.
 24802 | Spider:1 | Entered Level 1 of the Spider Nest
 24851 | Lair:5   | Reached skill level 10 in Shields
 25431 | Spider:1 | Reached XP level 17. HP: 153/153 MP: 24/24
 25732 | Spider:1 | Reached skill level 5 in Translocations
 26576 | Spider:2 | Noticed Arachne
 26831 | Spider:2 | Killed Arachne
 27080 | Spider:2 | Identified the +1 robe of Liberty {+Blink Int+5 Slay-3 SInv} (You bought it in a shop on level 4 of the Orcish Mines)
 27301 | Spider:3 | Noticed Donald
 27323 | Spider:3 | Killed Donald
 27328 | Spider:3 | Noticed 4thArraOfDagon's ghost (journeyman MiBe)
 27366 | Spider:3 | Killed 4thArraOfDagon's ghost
 28815 | Spider:4 | Entered Level 4 of the Spider Nest
 28815 | Spider:4 | Noticed Asterion
 28833 | Spider:4 | Killed Asterion
 29067 | Spider:3 | Reached skill level 5 in Transmutations
 29202 | Spider:4 | Found a frozen archway.
 29221 | IceCv    | Entered an ice cave
 29230 | IceCv    | Noticed Nicoed's ghost (adept FoFi)
 29276 | IceCv    | Killed Nicoed's ghost
 29615 | IceCv    | Noticed ventricule's ghost (adept HOAs)
 29668 | IceCv    | Killed ventricule's ghost
 30050 | IceCv    | Noticed an Ice Fiend
 30065 | IceCv    | Killed an Ice Fiend
 30082 | IceCv    | Reached XP level 18. HP: 36/160 MP: 27/27
 30987 | Spider:4 | Reached skill level 5 in Earth Magic
 31569 | Spider:4 | HP: 1/160 [emperor scorpion (11)]
 31570 | Spider:4 | Succumbed to an emperor scorpion's poison

Action                   |  1- 3 |  4- 6 |  7- 9 | 10-12 | 13-15 | 16-18 || total
-------------------------+-------+-------+-------+-------+-------+-------++-------
Melee: Unarmed           |    26 |       |   224 |   698 |  1492 |  1747 ||  4187
       Spear             |    53 |   142 |   146 |       |       |       ||   341
       Flail             |       |       |       |       |    56 |       ||    56
Throw: Stone             |       |       |     1 |       |       |     6 ||     7
Invok: Slouch            |       |       |       |     2 |       |    18 ||    20
 Abil: Spit Poison       |       |     3 |       |       |       |       ||     3
       Breathe Poison Ga |       |       |    12 |    25 |    15 |     5 ||    57
       Evoke Blink       |       |       |       |       |       |     3 ||     3
Evoke: Box of beasts     |       |       |       |       |     1 |       ||     1
       Wand              |       |       |       |       |       |     3 ||     3
  Use: Potion            |       |     4 |       |       |     6 |     4 ||    14
       Scroll            |       |       |    18 |     7 |    16 |     5 ||    46
 Stab: Sleeping          |     6 |     1 |       |     3 |    16 |    17 ||    43
       Distracted        |       |       |       |     1 |     6 |    10 ||    17
       Petrified         |       |       |       |       |     3 |       ||     3
       Petrifying        |       |       |       |       |     1 |       ||     1
  Eat: Chunk             |       |     5 |    11 |    17 |    39 |    33 ||   105
       Beef jerky        |       |       |       |       |     2 |       ||     2
